 Dungeon Crawl Stone Soup version 0.25-a0-565-g8875c97ebb (webtiles) character file.

Game seed: 5998416549142677836, levelgen mode: deterministic

63 Flugslaktarn the Covered (level 3, -1/34 HPs)
             Began as a Deep Dwarf Fighter on Feb 26, 2020.
             Succumbed to kobold's curare-tipped dart
             ... on level 3 of the Dungeon.
             The game lasted 00:00:20 (433 turns).

Flugslaktarn the Covered (Deep Dwarf Fighter)        Turns: 433, Time: 00:00:21

Health: -1/34      AC:  7    Str: 20    XL:     3   Next: 89%
Magic:  3/3        EV:  7    Int:  8    God:
Gold:   23         SH:  9    Dex: 12    Spells: 2/2 levels left

rFire    . . .     SeeInvis .   a - +0 war axe
rCold    . . .     Gourm    .   c - +0 kite shield
rNeg     . . .     Faith    .   b - +0 scale mail
rPois    .         Spirit   .   (no helmet)
rElec    .         Reflect  .   (no cloak)
rCorr    .         Harm     .   (no gloves)
MR       .....                  (no boots)
Stlth    ..........             (no amulet)
HPRegen  0.00/turn              (no ring)
MPRegen  0.08/turn              (no ring)

@: lethally poisoned (-1 -> -16), non-regenerating, slowed, very slow
A: damage resistance, heal wounds, sense surroundings 1, no regeneration
a: Heal Wounds


You were on level 3 of the Dungeon.
You were not hungry.

You visited 1 branch of the dungeon, and saw 3 of its levels.

You collected 23 gold pieces.

Inventory:

Hand Weapons
 a - a +0 war axe (weapon)
Missiles
 f - a throwing net (quivered)
Armour
 b - a +0 scale mail (worn)
 c - a +0 kite shield (worn)
Wands
 j - a wand of iceblast (6)
   (You took it off Ijyb on level 3 of the Dungeon)
Scrolls
 g - a scroll of remove curse {unknown}
 h - a scroll of identify {unknown}
Potions
 d - a potion of might
Comestibles
 e - 2 rations
 i - 9 chunks of flesh


   Skills:
 * Level 3.4 Fighting
 * Level 3.3 Axes
 + Level 3.7 Armour
 - Level 3.2 Shields


You had 2 spell levels left.
You didn't know any spells.
Your spell library was empty.

Dungeon Overview and Level Annotations

Branches:
Dungeon (3/15)

Altars:
Cheibriados


Innate Abilities, Weirdness & Mutations

You are resistant to damage.
You can heal yourself by infusing magical energy.
You passively map a small area around you.
You do not regenerate.


Message History

You see here a curare-tipped dart.
The kobold throws a curare-tipped dart.
The curare-tipped dart hits you.
You are more poisoned.
You have difficulty breathing.
You feel as though you will be slow longer.
You see here a curare-tipped dart.
The kobold throws a curare-tipped dart.
The curare-tipped dart hits you.
You are more poisoned.
You have difficulty breathing.
You feel as though you will be slow longer.
You see here a curare-tipped dart.
You feel sick.
You feel sick.
The kobold throws a curare-tipped dart.
The curare-tipped dart hits you.
You are lethally poisoned!
You have difficulty breathing.
* * * LOW HITPOINT WARNING * * *
You feel as though you will be slow longer.
You see here a curare-tipped dart.
You die...

#K#...........+.......#
#,*#..........####.......#
##.####(.....######.......#
,
.......(..................#
##......(......######'#####
#......(#.....######.####
...............#.......^.#
.###.....(.#...#.....รทรท..#
....##..[@###.#.........## *
##..#.....'...(.....)..... ,
#..#.....###.............
*#..#.....# ###........... *
*,##..#.....# ###.........
,...#.###########.###.#...
#, #.##.# #.........#.#...
#.##.##.#####.#.###.###.#...
#...........#.#<# #.# #.#...


There were no monsters in sight!

Vanquished Creatures
  Ijyb (D:3)
  An adder (D:3)
  An ooze (D:3)
  2 worms
  A dart slug (D:3)
  An orc (D:3)
  A giant cockroach (D:1)
  2 hobgoblins
  A quokka (D:3)
  A frilled lizard (D:3)
  2 goblins (D:3)
  5 kobolds
19 creatures vanquished.

Notes
Turn   | Place    | Note
-------+----------+-------------------------------------------
     0 | D:1      | Flugslaktarn the Deep Dwarf Fighter began the quest for the
                  | Orb.
     0 | D:1      | Reached XP level 1. HP: 20/20 MP: 1/1
   231 | D:3      | Found a snail-covered altar of Cheibriados.
   237 | D:3      | Reached XP level 2. HP: 15/28 MP: 2/2
   238 | D:3      | Noticed Ijyb
   258 | D:3      | Killed Ijyb
   258 | D:3      | Reached XP level 3. HP: 21/34 MP: 3/3
   433 | D:3      | Succumbed to kobold's curare-tipped dart

Levels and vault maps discovered:
D:1:      kilobyte_arrival_exit_the_forest, layout_basic
D:2:      layout_basic, chequers_ecumenical_altar_grove, minmay_tromino_i2,
          uniq_robin
D:3:      layout_basic, lemuel_round_altar, nicolae_overflow_crystal_walls,
          kennysheep_slug_shrine, uniq_ijyb

Skill      XL: |  1  2 |
---------------+-------+-----
Fighting       | 3 |  3.4
Axes           | 3 |  3.3
Armour         | |  3.7
Shields        | |  3.2

Action                   || total
-------------------------++-------
Melee: War axe           ||    85
 Abil: Heal Wounds       ||     2
Armor: Scale mail        ||    31
Dodge: Dodged            ||    15
Block: Kite shield       ||    43

Table legend:
 A = Non-vault XP
 B = Vault XP
 C = Vault XP percentage of total XP
 D = Non-vault monster count
 E = Vault monster count
 F = Vault count percentage of total count
                 A         B        C        D         E       F
            +---------+---------+-------+---------+---------+-------
      Total |      51 |      40 |  44.0 |      17 |       2 |  10.5
            +---------+---------+-------+---------+---------+-------
        D:1 |       6 |       0 |   0.0 |       4 |       0 |   0.0
        D:2 |       5 |       0 |   0.0 |       1 |       0 |   0.0
        D:3 |      40 |      40 |  50.0 |      12 |       2 |  14.3
            +---------+---------+-------+---------+---------+-------
